 Dungeon Sprint DCSS version 0.28.0-49-g6dfe1f597d (webtiles) character file.

Game seed: 9136256231163877581

4960 Arandomuser85 the Swashbuckler (level 10, -1/88 HPs)
             Began as a Merfolk Gladiator on May 11, 2022.
             Was a Believer of Nemelex Xobeh.
             Slain by a komodo dragon (27 damage)
             ... in the Dungeon (Sprint IX: "|||||||||||||||||||||||||||||").
             The game lasted 00:03:36 (1135 turns).

Arandomuser85 the Swashbuckler (Merfolk Gladiator)  Turns: 1135, Time: 00:03:37

Health: -1/88      AC:  9    Str: 15    XL:     10   Next: 53%
Magic:  10/10      EV: 23    Int:  7    God:    Nemelex Xobeh [**....]
Gold:   0          SH:  0    Dex: 20    Spells: 9/9 levels left

rFire   . . .      SeeInvis .   m - +4 rapier (venom)
rCold   . . .      Faith    .   (no shield)
rNeg    . . .      Spirit   .   b - +0 leather armour
rPois   .          Reflect  .   c - +0 helmet
rElec   .          Harm     .   o - +0 cloak
rCorr   .          Rampage  .   n - +0 pair of gloves
Will    .....      NoTele   +   (no boots)
Stlth   +++++.....              (no amulet)
HPRegen 0.24/turn               q - +2 ring of evasion
MPRegen 0.12/turn               r - +2 ring of protection

@: no status effects
A: (nimble swimmer 2), mertail
a: Renounce Religion, Draw Escape, Draw Destruction, Draw Summoning


You were in the Dungeon.
You worshipped Nemelex Xobeh.
Nemelex Xobeh was pleased with you.
You visited 1 branch

Inventory:

Hand Weapons
 a - a +0 rapier
 m - a +4 rapier of venom (weapon)
Missiles
 d - 3 throwing nets (quivered)
Armour
 b - a +0 leather armour (worn)
 c - a +0 helmet (worn)
 n - a +0 pair of gloves (worn)
 o - a +0 cloak (worn)
 p - a +0 plate armour
Jewellery
 q - a +2 ring of evasion (left hand)
 r - a +2 ring of protection (right hand)
Wands
 l - a wand of iceblast (9)
 s - a wand of flame (19)
Scrolls
 j - 3 scrolls of blinking
 k - 2 scrolls of amnesia
 t - 2 scrolls of fear
 v - a scroll of fog
 w - a scroll of identify
Potions
 e - 8 potions of heal wounds
 f - a potion of brilliance
 g - a potion of haste
 h - 4 potions of magic
 i - 2 potions of curing


   Skills:
 + Level 11.4 Fighting
 + Level 18.7 Short Blades
 + Level 4.2 Throwing
 + Level 6.1 Armour
 + Level 13.4 Dodging
 + Level 10.5 Stealth
 + Level 1.0 Evocations


You had 9 spell levels left.
You didn't know any spells.
Your spell library was empty.

Dungeon Overview and Level Annotations

Branches:
Dungeon (1/1)

Altars:
Cheibriados
Dithmenos
Elyvilon
Fedhas
Gozag
Hepliaklqana
Kikubaaqudgha
Makhleb
Nemelex Xobeh
Okawaru
Qazlal
Ru
Sif Muna
Trog
Uskayaw
Vehumet
Wu Jian
Xom
Yredelemnul
Zin
The Shining One
Beogh
Jiyva
Lugonu


Innate Abilities, Weirdness & Mutations

((You are very nimble when in or above water. (Stealth+, EV+, Speed+++)))
Your lower body shifts to a powerful aquatic tail in water.


Message History

Unknown command.
You hit the elephant but do no damage.
The elephant is moderately wounded.
The elephant completely misses you. x2
You hit the elephant.
The elephant is poisoned.
The elephant is moderately wounded.
You hit the elephant.
The elephant looks as sick as possible!
You punch the elephant, but do no damage.
The elephant is heavily wounded.
The elephant closely misses you. The elephant completely misses you.
You puncture the elephant!
The elephant is severely wounded.
You puncture the elephant!
The elephant looks as sick as possible!
The elephant is almost dead.
The elephant tramples you!
* * * LOW HITPOINT WARNING * * *
You hold your ground!
The elephant misses you.
You puncture the elephant!
You kill the elephant!
Your Evocations skill increases to level 1!
You hit the komodo dragon.
The komodo dragon is poisoned.
The komodo dragon is lightly wounded.
You barely miss the komodo dragon.
The komodo dragon is lightly wounded.
The komodo dragon completely misses you.
You puncture the komodo dragon!
The komodo dragon is moderately wounded.
Unknown command.
You puncture the komodo dragon!
The komodo dragon is heavily wounded.
The komodo dragon closely misses you.
You hit the komodo dragon but do no damage.
The komodo dragon looks as sick as possible!
The komodo dragon is heavily wounded.
You hit the komodo dragon but do no damage.
The komodo dragon looks as sick as possible!
The komodo dragon is heavily wounded.
The komodo dragon bites you!!
You die...
Your body disappears without a glow.

▓▓▓▓▓▓▓▓▓▓▓▓▓▓▓▓▓▓▓▓▓▓▓▓▓▓▓▓▓
▓.......'..#@l.)......†††....
▓.▓▓▓▓▓▓▓▓▓▓▓▓▓▓▓▓▓▓▓▓▓▓▓▓▓▓▓
▓............................
▓▓▓▓▓▓▓▓▓▓▓▓▓▓▓▓▓▓▓▓▓▓▓▓▓▓▓▓▓
▓<...†.....'.....'___________
▓▓▓▓▓▓▓▓▓▓▓▓▓▓▓▓▓▓▓▓▓▓▓▓▓▓▓▓▓


You could see a komodo dragon (extremely poisoned).

Vanquished Creatures
  A hydra (D)
  2 two-headed ogres (D)
  A manticore (D)
  A cyclops (D)
  An elephant (D)
  2 cane toads (D)
  A troll (D)
  A blink frog (D)
  A wyvern (D)
  A yak (D)
  A water moccasin (D)
  An orc warrior (D)
  An ice beast (shapeshifter) (D)
  A necrophage (D)
  2 bullfrogs (D)
  A howler monkey (D)
  A hound (D)
  A jelly (D)
  An orc wizard (D)
  An iguana (D)
  2 endoplasms (D)
  A hobgoblin (D)
  A jackal (D)
  A ball python skeleton (D)
  A rat (D)
29 creatures vanquished.

Vanquished Creatures (others)
  An unseen horror (D)
1 creature vanquished.

Grand Total: 30 creatures vanquished

Notes
Turn   | Place    | Note
-------+----------+-------------------------------------------
     0 | D        | Arandomuser85 the Merfolk Gladiator began the quest for the
                  | Orb.
     0 | D        | Reached XP level 1. HP: 16/16 MP: 1/1
     7 | D        | Reached skill level 4 in Short Blades
   182 | D        | Noticed an iguana
   182 | D        | Noticed a jelly
   182 | D        | Noticed a hound
   182 | D        | Noticed a necrophage
   189 | D        | Killed an iguana
   190 | D        | Reached skill level 6 in Short Blades
   190 | D        | Reached XP level 2. HP: 20/24 MP: 2/2
   190 | D        | Reached XP level 3. HP: 24/29 MP: 3/3
   194 | D        | Reached skill level 7 in Short Blades
   194 | D        | Reached XP level 4. HP: 24/35 MP: 4/4
   196 | D        | Reached skill level 8 in Short Blades
   213 | D        | Killed a necrophage
   214 | D        | Reached skill level 9 in Short Blades
   214 | D        | Reached skill level 1 in Armour
   214 | D        | Reached XP level 5. HP: 18/43 MP: 5/5
   259 | D        | Found a snail-covered altar of Cheibriados.
   259 | D        | Found a shadowy altar of Dithmenos.
   259 | D        | Found a white marble altar of Elyvilon.
   259 | D        | Found a blossoming altar of Fedhas.
   259 | D        | Found an opulent altar of Gozag.
   260 | D        | Found a hazy altar of Hepliaklqana.
   261 | D        | Found a viscous altar of Jiyva.
   262 | D        | Found an ancient bone altar of Kikubaaqudgha.
   263 | D        | Found a corrupted altar of Lugonu.
   264 | D        | Found a burning altar of Makhleb.
   265 | D        | Found a sparkling altar of Nemelex Xobeh.
   266 | D        | Found an iron altar of Okawaru.
   267 | D        | Found a stormy altar of Qazlal.
   270 | D        | Found a sacrificial altar of Ru.
   271 | D        | Found a shimmering blue altar of Sif Muna.
   272 | D        | Found a bloodstained altar of Trog.
   273 | D        | Found a hide-covered altar of Uskayaw.
   274 | D        | Found a radiant altar of Vehumet.
   275 | D        | Became a worshipper of Nemelex Xobeh the Trickster
   276 | D        | Found an ornate altar of the Wu Jian Council.
   277 | D        | Found a shimmering altar of Xom.
   278 | D        | Found a basalt altar of Yredelemnul.
   279 | D        | Found a glowing silver altar of Zin.
   280 | D        | Found a glowing golden altar of the Shining One.
   451 | D        | Noticed a yak
   451 | D        | Noticed an orc warrior
   451 | D        | Noticed a two-headed ogre
   451 | D        | Noticed a wyvern
   451 | D        | Noticed a two-headed ogre
   458 | D        | Killed a yak
   459 | D        | Reached skill level 5 in Fighting
   459 | D        | Reached skill level 11 in Short Blades
   459 | D        | Reached skill level 1 in Stealth
   459 | D        | Reached XP level 6. HP: 42/52 MP: 6/6
   464 | D        | Killed a two-headed ogre
   465 | D        | Reached skill level 14 in Short Blades
   465 | D        | Reached XP level 7. HP: 25/60 MP: 7/7
   465 | D        | Reached XP level 8. HP: 28/67 MP: 8/8
   476 | D        | Killed a wyvern
   481 | D        | Killed a two-headed ogre
   482 | D        | Reached skill level 15 in Short Blades
   482 | D        | Reached XP level 9. HP: 17/75 MP: 9/9
   770 | D        | Reached * piety under Nemelex Xobeh
   770 | D        | Noticed a manticore
   770 | D        | Noticed a troll
   770 | D        | Noticed a cyclops
   776 | D        | Killed an unseen horror
   777 | D        | Reached skill level 16 in Short Blades
   805 | D        | Killed a manticore
   813 | D        | Killed a troll
   814 | D        | Reached skill level 17 in Short Blades
   814 | D        | Reached skill level 5 in Armour
   815 | D        | HP: 1/78 [cyclops (19)]
   825 | D        | Killed a cyclops
   826 | D        | Reached skill level 10 in Fighting
   971 | D        | Received a gift from Nemelex Xobeh
  1018 | D        | Reached ** piety under Nemelex Xobeh
  1077 | D        | Received a gift from Nemelex Xobeh
  1077 | D        | Noticed a cane toad
  1077 | D        | Noticed an eight-headed hydra
  1077 | D        | Noticed a cane toad
  1088 | D        | Killed an eight-headed hydra
  1089 | D        | Reached XP level 10. HP: 56/86 MP: 10/10
  1090 | D        | Noticed an elephant
  1092 | D        | Killed a cane toad
  1093 | D        | Reached skill level 18 in Short Blades
  1102 | D        | Killed a cane toad
  1103 | D        | Reached skill level 10 in Stealth
  1129 | D        | Killed an elephant
  1130 | D        | Reached skill level 1 in Evocations
  1135 | D        | Slain by a komodo dragon

Illustrated notes

Levels and vault maps discovered:
D:        linesprint [early_d, line_temple, items_1, d_10, items_2, lair_1,
          lair_end, items_3, orc_1, orc_end, items_4, d_15, swamp_1, shoals_1,
          snake_1, spider_1, d_20, vaults_1, items_5, swamp_end, shoals_end,
          snake_end, spider_end, vaults_end, d_27, items_6, zot_1, zot_end,
          crypt_end, forest_end, elf_end, slime_end, tomb_end, abyss_end,
          pan_hell_end]

Skill      XL: |  1  2  3  4  5  6  7  8  9 10 |
---------------+-------------------------------+-----
Short Blades   | 6 7 9 11 14 15 17 18 | 18.7
Fighting       | 3 4 5 7 8 10 11 | 11.4
Dodging        | 6 8 9 11 12 13 | 13.4
Throwing       | 3 4 |  4.2
Armour         | 1 2 3 4 5 6 |  6.1
Stealth        | 1 3 6 9 10 | 10.5
Evocations     | 1 |  1.0

Action                   |  1- 3 |  4- 6 |  7- 9 | 10-12 || total
-------------------------+-------+-------+-------+-------++-------
Melee: Rapier            |    25 |    29 |    81 |    29 ||   164
       Punch             |       |     1 |     1 |     2 ||     4
Invok: Draw Summoning    |       |       |     1 |       ||     1
       Draw Escape       |       |       |       |     2 ||     2
       Draw Destruction  |       |       |       |     1 ||     1
Evoke: Wand              |       |       |     1 |     1 ||     2
  Use: Potion            |     2 |     2 |     2 |     2 ||     8
       Scroll            |       |       |     2 |       ||     2
 Stab: Invisible         |       |     2 |     4 |       ||     6
Armor: Leather armour    |     1 |     3 |    19 |     4 ||    27
Dodge: Dodged            |    11 |    20 |    51 |    23 ||   105
